 Dungeon Crawl Stone Soup version 0.19.0-19-g8c6edcc (webtiles) character file.

1185 KarmaPolice the Charmwright (level 8, -9/62 HPs)
             Began as a Vampire Skald on Nov 14, 2016.
             Was a Follower of Kikubaaqudgha.
             Mangled by an orc warrior
             ... wielding a +0 glaive
              (23 damage)
             ... on level 6 of the Dungeon.
             The game lasted 00:27:40 (10854 turns).

KarmaPolice the Charmwright (Vampire Skald)        Turns: 10854, Time: 00:27:41

Health: -9/62      AC:  0    Str: 11    XL:     8   Next: 19%
Magic:  8/12       EV: 18    Int: 15    God:    Kikubaaqudgha [*.....]
Gold:   306        SH:  0    Dex: 20    Spells: 4 memorised, 5 levels left

rFire  . . .     SeeInvis +     (weapon currently unavailable)
rCold  + . .     Gourm    .     (armour currently unavailable)
rNeg   + + .     Faith    .     (shield currently unavailable)
rPois  +         Spirit   .     (helmet currently unavailable)
rElec  .         Reflect  .     (cloak currently unavailable)
rCorr  .         Harm     .     (gloves currently unavailable)
MR     .....                    (boots currently unavailable)
Stlth  ++++......               (no amulet)
                                (ring currently unavailable)
                                (ring currently unavailable)

@: bat-form, flying, very slightly contaminated, regenerating slowly, drained,
very quick
A: fangs 3, see invisible, (unbreathing)
a: End Transformation, Receive Corpses, Renounce Religion


You were on level 6 of the Dungeon.
You worshipped Kikubaaqudgha.
Kikubaaqudgha was aware of your devotion.
You were very thirsty.
You were in vampire-bat-form.
You visited 2 branches of the dungeon, and saw 9 of its levels.

You collected 332 gold pieces.
You spent 26 gold pieces at shops.

Inventory:

Hand Weapons
 a - a +0 falchion
 h - a +0 whip of electrocution
 n - a +1 great sword of slicing (melded)
Armour
 b - a +0 leather armour (melded)
 e - a cursed +0 cloak (melded)
Jewellery
 g - a +2 ring of strength (melded)
Wands
 t - a wand of digging (20/24)
Scrolls
 i - 4 scrolls of fog
 j - a scroll of immolation {unknown}
 k - 2 scrolls of identify
 o - 3 scrolls of remove curse
 p - 2 scrolls of blinking {unknown}
 q - 2 scrolls of teleportation {unknown}
 r - a scroll of fear {unknown}
 s - 4 scrolls of recharging {unknown}
 v - a scroll of noise {unknown}
 w - a scroll of enchant weapon {unknown}
 C - a scroll of random uselessness {unknown}
 D - a scroll of holy word {unknown}
Potions
 d - a potion of blood
 f - 2 potions of lignification
 l - a potion of mutation {unknown}
 m - a potion of ambrosia
 u - 2 potions of flight
 x - 2 potions of brilliance {unknown}
 z - 2 potions of curing {unknown}
 A - a potion of haste
Books
 c - a book of Battle

   Spells                             Type                      Level
   a - Infusion                       Charms                       1
   b - Shroud of Golubria             Charms/Translocation         2
   c - Song of Slaying                Charms                       2
   d - Spectral Weapon                Hexes/Charms                 3
   e - Regeneration                   Charms/Necromancy            3
 y - Kikubaaqudgha's Tome of Stolen Souls
   (Kikubaaqudgha gifted it to you on level 5 of the Dungeon)

   Spells                             Type                      Level
   a - Animate Skeleton               Necromancy                   1
   b - Corpse Rot                     Necromancy                   2
   c - Sublimation of Blood           Necromancy                   2
   d - Vampiric Draining              Necromancy                   3
   e - Control Undead                 Necromancy                   4


   Skills:
 + Level 5.0(4.2) Fighting
 + Level 5.4(4.6) Long Blades
 - Level 0.7(0.0) Armour
 - Level 1.1(0.4) Dodging
 - Level 3.1(2.4) Spellcasting
 + Level 6.0(5.3) Charms
 + Level 3.7(3.0) Necromancy


You had 5 spell levels left.
You knew the following spells:

 Your Spells              Type           Power        Failure   Level  Hunger
a - Infusion              Chrm           ###.         2%          1    #......
b - Shroud of Golubria    Chrm/Tloc      #.........   12%         2    ###....
c - Song of Slaying       Chrm           ###.....     4%          2    ###....
d - Regeneration          Chrm/Necr      ##........   14%         3    ###....


Dungeon Overview and Level Annotations

Branches:
Dungeon (8/15)             Temple (1/1) D:4
   Lair: D:8-11

Altars:
Ashenzari
Cheibriados
Elyvilon
Gozag
Hepliaklqana
Kikubaaqudgha
Okawaru
Ru
Sif Muna
Trog
Vehumet
Xom
Zin
The Shining One

Shops:
D:4 ??

Annotations:
D:7 Pikel


Innate Abilities, Weirdness & Mutations

You heal slowly.
You have razor-sharp teeth.
You have supernaturally acute eyesight. (SInv)
((You can survive without breathing.))


Message History

The orc wizard shouts!
The orc wizard gestures wildly while chanting.
The orc wizard flickers and vanishes for a moment.
The howler monkey hits you!
* * * LOW HITPOINT WARNING * * *
The howler monkey hoots and howls with incredible vigour!
You fail to use your ability.
Unknown command.
The howler monkey hits you.
* * * LOW HITPOINT WARNING * * *
You turn into a vampire bat.
Your +1 great sword of slicing melds into your body.
Your cursed +0 cloak melds into your body.
Your +0 leather armour melds into your body.
Your +2 ring of strength melds into your body.
You feel weaker.
The howler monkey hoots and howls with incredible vigour!
The orc warrior hits you from afar with a glaive!!
You die...
Kikubaaqudgha rasps: "You have failed me!
Welcome... oblivion!"

####...........#.##...#.#..<.# #.
#...........#.#...)..#....#.#.
#...........#.#...<...........
###########......#..........#####
....# #.....)#...............
....#######......#.....##.#.#####
..........'.................#
.....######.....#......##.#.####
.....###........b.o..#.##.#....##
.................h..o.o...#......
....####.#########...##.###....<.
##### #.# #......##.# #...).. #.#
#.#.#.###.. #...... ####+###
#.#...# #.##....## #......#
#.##### #..#.o..# #####......#
#.# ######o#o...# ...........#
#.# #...........#


You could see an orc warrior, a howler monkey and 2 orc wizards.

Vanquished Creatures
  A sky beast (D:6)
  A slave (D:7)
  4 ogres
  A bullfrog (D:6)
  3 crimson imps
  2 bullfrog skeletons (D:4)
  3 hounds
  An orc priest (D:6)
  2 orc wizards (D:6)
  A centaur skeleton (D:4)
  2 iguanas
  4 worker ants
  A hound skeleton (D:6)
  6 adders
  A shadow imp (D:5)
  An ooze (D:4)
  An adder skeleton (D:4)
  An adder zombie (D:6)
  3 worms
  A dart slug (D:2)
  2 leopard geckos (D:6)
  18 orcs
  7 bats
  3 giant cockroaches (D:4)
  3 goblins (D:1)
  4 hobgoblins
  11 jackals
  4 kobolds
  3 quokkas
  3 ball pythons
  2 frilled lizards
  A leopard gecko skeleton (D:7)
  9 rats
110 creatures vanquished.

Notes
Turn   | Place    | Note
-------+----------+-------------------------------------------
     0 | D:1      | KarmaPolice the Vampire Skald began the quest for the Orb.
     0 | D:1      | Reached XP level 1. HP: 16/16 MP: 3/3
   316 | D:1      | Reached XP level 2. HP: 17/22 MP: 5/5
   379 | D:1      | Learned a level 2 spell: Shroud of Golubria
   382 | D:1      | Learned a level 2 spell: Song of Slaying
  1648 | D:2      | Reached XP level 3. HP: 9/27 MP: 3/6
  2658 | D:3      | Reached XP level 4. HP: 14/34 MP: 5/7
  3220 | D:4      | Found a staircase to the Ecumenical Temple.
  3240 | D:4      | HP: 1/34 [worker ant (5)]
  3257 | D:4      | Reached skill level 4 in Charms
  3264 | Temple   | Entered the Ecumenical Temple
  3347 | Temple   | Became a worshipper of Kikubaaqudgha
  3415 | D:5      | Entered Level 5 of the Dungeon
  3435 | D:4      | Reached XP level 5. HP: 20/40 MP: 0/9
  3878 | D:4      | Found Rauphu Hyde's Magic Scroll Shop.
  3886 | D:4      | Bought a scroll of identify for 26 gold pieces
  3970 | D:4      | Found Hitib's Magic Scroll Shoppe.
  3992 | D:4      | Noticed an ogre
  4002 | D:4      | Killed an ogre
  4002 | D:4      | Reached XP level 6. HP: 47/47 MP: 0/10
  4507 | D:4      | HP: 2/47 [iguana (11)]
  5402 | D:5      | Reached skill level 1 in Necromancy
  5471 | D:5      | Reached * piety under Kikubaaqudgha
  5471 | D:5      | Identified Kikubaaqudgha's Tome of Stolen Souls (Kikubaaqudgha gifted it to you on level 5 of the Dungeon)
  5471 | D:5      | Received a gift from Kikubaaqudgha
  6031 | D:4      | Reached skill level 5 in Charms
  6039 | D:4      | Reached XP level 7. HP: 29/53 MP: 2/11
  7315 | D:6      | Learned a level 3 spell: Regeneration
  8995 | D:6      | Reached skill level 5 in Long Blades
  9355 | D:6      | Got a twisted large shield
  9371 | D:6      | Identified the +4 large shield "Baopet" {*Contam *Drain +Inv MR+++} (You took it off an orc on level 6 of the Dungeon)
  9880 | D:8      | Noticed Pikel
 10319 | D:6      | Reached XP level 8. HP: 55/61 MP: 3/12
 10490 | D:6      | Reached skill level 6 in Charms
 10835 | D:6      | Reached skill level 5 in Fighting
 10854 | D:6      | Mangled by an orc warrior

Skill      XL: |  1  2  3  4  5  6  7  8 |
---------------+-------------------------+-----
Fighting       | 2 3 4 5 |  5.0
Long Blades    | 3 4 5 |  5.4
Charms         | 4 5 6 |  6.0
Spellcasting   | 3 |  3.1
Necromancy     | 1 3 |  3.7
Armour         | |  0.7
Dodging        | |  1.1

Action                   |  1- 3 |  4- 6 |  7- 9 || total
-------------------------+-------+-------+-------++-------
Melee: Falchion          |    24 |       |       ||    24
       Bite              |     9 |    11 |    14 ||    34
       Whip              |    98 |   158 |    47 ||   303
       Great sword       |       |       |    64 ||    64
       Unarmed           |       |       |     1 ||     1
 Cast: Infusion          |     4 |    13 |    15 ||    32
       Song of Slaying   |     2 |    14 |    12 ||    28
       Shroud of Golubri |     1 |     9 |     9 ||    19
       Regeneration      |       |       |     8 ||     8
 Abil: Bat Form          |       |     5 |    17 ||    22
       End Transformatio |       |     5 |    16 ||    21
       Stop Singing      |       |       |     1 ||     1
  Use: Potion            |       |    11 |     2 ||    13
       Scroll            |       |     2 |     2 ||     4
 Stab: Sleeping          |     5 |     1 |       ||     6
       Invisible         |       |     1 |       ||     1
  Eat: Corpse            |     3 |     3 |     7 ||    13
Armor: Leather armour    |    44 |    58 |    32 ||   134
Dodge: Dodged            |    76 |   140 |    82 ||   298
       Rpst.: Falchion   |     3 |       |       ||     3
       Great sword       |       |       |     9 ||     9
